 Dungeon Crawl Stone Soup version 0.21-a0-52-gbf49515 (webtiles) character file.

64 xgamer67 the Insei (level 4, 0/28 HPs)
             Began as an Octopode Transmuter on June 13, 2017.
             Succumbed to an adder's poison
             ... on level 2 of the Dungeon.
             The game lasted 00:03:53 (2223 turns).

xgamer67 the Insei (Octopode Transmuter)            Turns: 2223, Time: 00:03:54

Health: 0/28       AC:  1    Str:  9    XL:     4   Next: 12%
Magic:  7/7        EV: 13    Int: 15    God:
Gold:   62         SH:  0    Dex: 13    Spells: 1/7 levels left

rFire    . . .     SeeInvis .     - Unarmed
rCold    + . .     Gourm    .   (no shield)
rNeg     . . .     Faith    .   (helmet restricted)
rPois    .         Spirit   .   (no amulet)
rElec    .         Reflect  .   (no ring)
rCorr    .         Harm     .   (no ring)
MR       .....     Rnd*Rage +   (no ring)
Stlth    ++........             (no ring)
Regen    0.1/turn               (no ring)
MPRegen  0.1/turn               (no ring)
                                (no ring)
                                (no ring)

@: lethally poisoned (0 -> -9)
A: almost no armour, stealthy swim, amphibious, 8 rings, constrict 8, camouflage
1, berserk 1, cold resistance 1, mutation resistance 1, gelatinous body 1
a: no special abilities


You were on level 2 of the Dungeon.
You were hungry.

You visited 1 branch of the dungeon, and saw 2 of its levels.

You collected 62 gold pieces.

Inventory:

Missiles
 a - 23 arrows
 e - 115 stones (quivered)
Scrolls
 g - a scroll of fog {unknown}
 h - a scroll of identify {unknown}
 i - 3 scrolls of remove curse {unknown}
 j - a scroll of blinking {unknown}
 k - a scroll of noise {unknown}
Books
 b - a book of Changes

   Spells                             Type                      Level
   a - Beastly Appendage              Transmutation                1
   b - Sticks to Snakes               Transmutation                2
   c - Spider Form                    Transmutation/Poison         3
   d - Ice Form                       Ice/Transmutation            4
   e - Blade Hands                    Transmutation                5
Comestibles
 c - 3 bread rations
 l - a meat ration


   Skills:
 - Level 1.0 Fighting
 - Level 2.0 Dodging
 + Level 4.4 Unarmed Combat
 - Level 2.0 Spellcasting
 - Level 2.0 Transmutations
 - Level 2.0 Poison Magic


You had one spell level left.
You knew the following spells:

 Your Spells              Type           Power        Failure   Level  Hunger
a - Sticks to Snakes      Tmut           #.......     14%         2    ###....
e - Beastly Appendage     Tmut           #.....       10%         1    #......
f - Spider Form           Tmut/Pois      #.........   28%         3    ###....


Dungeon Overview and Level Annotations

Branches:
Dungeon (2/15)

Altars:
Elyvilon
Zin


Innate Abilities, Weirdness & Mutations

You cannot wear most types of armour.
You are very stealthy in the water. (Stealth+)
You are amphibious.
You can wear up to eight rings at the same time.
You can use your tentacles to constrict eight enemies at once.
Your skin changes colour to match your surroundings (Stealth+).
Your rubbery body absorbs attacks. (AC +1, EV +1)
You tend to lose your temper in combat.
Your flesh is cold resistant. (rC+)
You are somewhat resistant to further mutation.


Message History

* * * LOW HITPOINT WARNING * * *
You feel sick. The adder completely misses you.
It was a potion of mutation.
You feel extremely strange.
You feel a little pissed off.
You feel genetically stable.
You feel resistant to cold.
You constrict the adder.
* * * LOW HITPOINT WARNING * * *
You feel sick. The adder closely misses you. x2
You tentacle-slap the adder. You squeeze the adder.
You kill the adder!
Your Poison Magic skill increases to level 2!
You have reached level 4!
* * * LOW HITPOINT WARNING * * *
You feel sick.
There is a lethal amount of poison in your body!
* * * LOW HITPOINT WARNING * * *
You feel sick.
* * * LOW HITPOINT WARNING * * *
You feel sick.
You die...

##.# ##...##.# #.##.......##.##
##.# #..#....# #.##....#.###.##
##.# #....#..# #.##.#.##.###...
##.# #.#.##.(# #.##.#.##.......
##.# #....#..# #.##.#.######.##
##.####.......# #.##.#.# #.#
#............####......######.#
######........................##
#..........@..##.#.######.##
#######....>..####...###.........
##...........)# ####.#.#####.###
.#.####.....#.# ##.## #.###
#..####..#.##.# ####.# #....
.........#.##.# #....# #####
........)#.##.# #.#### #
.#.#######.##.# #.# ##.# #.##.#
#.#


There were no monsters in sight!

Vanquished Creatures
  2 adders (D:2)
  2 worms (D:2)
  A dart slug (D:1)
  A leopard gecko (D:2)
  A giant cockroach (D:1)
  4 goblins (D:1)
  5 hobgoblins
  5 bats
  7 frilled lizards
  6 kobolds
  6 rats
40 creatures vanquished.

Notes
Turn   | Place    | Note
-------+----------+-------------------------------------------
     0 | D:1      | xgamer67 the Octopode Transmuter began the quest for the Orb.
     0 | D:1      | Reached XP level 1. HP: 13/13 MP: 3/3
   357 | D:1      | Reached XP level 2. HP: 18/18 MP: 5/5
   804 | D:1      | Reached skill level 4 in Unarmed Combat
  1040 | D:1      | Reached XP level 3. HP: 23/23 MP: 6/6
  1218 | D:2      | Learned a level 2 spell: Sticks to Snakes
  1222 | D:2      | Learned a level 3 spell: Spider Form
  1417 | D:2      | Found a white marble altar of Elyvilon.
  1538 | D:2      | Found a glowing silver altar of Zin.
  1630 | D:2      | Reached skill level 1 in Poison Magic
  2218 | D:2      | Gained mutation: You tend to lose your temper in combat. [potion of mutation]
  2218 | D:2      | Gained mutation: You are somewhat resistant to further mutation. [potion of mutation]
  2218 | D:2      | Gained mutation: Your flesh is cold resistant. (rC+) [potion of mutation]
  2219 | D:2      | Reached XP level 4. HP: 4/28 MP: 7/7
  2221 | D:2      | HP: 1/28 [poisoned by an adder]
  2223 | D:2      | Succumbed to an adder's poison

Vault maps used:
D:1:      minmay_arrival_glassed_features
D:2:      zin_scriptorium, first_bread, elyvilon_altar_5

Skill      XL: |  1  2  3 |
---------------+----------+-----
Unarmed Combat | 4 |  4.4
Poison Magic   | 2 |  2.0
Fighting       | |  1.0
Dodging        | |  2.0
Spellcasting   | |  2.0
Transmutations | |  2.0

Action                   |  1- 3 |  4- 6 || total
-------------------------+-------+-------++-------
Melee: Unarmed           |    91 |       ||    91
       Constrict         |    16 |       ||    16
       Tentacles         |     6 |       ||     6
       Punch             |     2 |       ||     2
       Kick              |     1 |       ||     1
Throw: Stone             |     2 |       ||     2
 Cast: Spider Form       |     2 |       ||     2
       Beastly Appendage |     1 |       ||     1
  Use: Potion            |     1 |       ||     1
 Stab: Sleeping          |    11 |       ||    11
  Eat: Chunk             |     4 |       ||     4
Armor: Skin              |     5 |       ||     5
Dodge: Dodged            |    42 |       ||    42
